 Dungeon Crawl Stone Soup version 0.28.0-49-g6dfe1f597d (webtiles) character file.

Game seed: 2623433115721040885

251 Zeld the Gusty (level 6, -7/36 HPs)
             Began as a Tengu Air Elementalist on May 18, 2022.
             Mangled by an ogre
             ... wielding a +0 giant club
              (22 damage)
             ... on level 3 of the Dungeon.
             The game lasted 00:03:23 (5442 turns).

Zeld the Gusty (Tengu Air Elementalist)             Turns: 5442, Time: 00:03:24

Health: -7/36      AC:  2    Str:  8    XL:     6   Next: 13%
Magic:  10/12      EV: 14    Int: 17    God:
Gold:   118        SH:  0    Dex: 15    Spells: 2/12 levels left

rFire   . . .      SeeInvis .   (no weapon)
rCold   . . .      Faith    .   (no shield)
rNeg    . . .      Spirit   .   a - +0 robe
rPois   .          Reflect  .   (helmet restricted)
rElec   .          Harm     .   (no cloak)
rCorr   .          Rampage  .   (no gloves)
Will    .....                   (boots unavailable)
Stlth   ++........              (no amulet)
HPRegen 0.12/turn               (no ring)
MPRegen 0.13/turn               (no ring)

@: flying quickly and evasively, quick
A: beak, talons 3, nimble flight
a: no special abilities


You were on level 3 of the Dungeon.
You visited 1 branch of the dungeon, and saw 3 of its levels.

You collected 118 gold pieces.

Inventory:

Armour
 a - a +0 robe (worn)
Wands
 j - a wand of flame (26)
 k - a wand of paralysis (3)
Scrolls
 b - a scroll of teleportation {unknown}
 e - a scroll of blinking {unknown}
 f - a scroll of enchant weapon {unknown}
 g - a scroll of magic mapping {unknown}
Potions
 c - 2 potions of heal wounds {unknown}
 d - a potion of magic {unknown}
 h - a potion of lignification {unknown}
 i - a potion of might {unknown}


   Skills:
 * Level 2.7 Fighting
 - Level 2.1 Dodging
 + Level 3.0 Stealth
 * Level 3.5 Spellcasting
 - Level 2.0 Conjurations
 * Level 5.7 Air Magic


You had 2 spell levels left.
You knew the following spells:

 Your Spells              Type           Power      Damage    Failure   Level
a - Shock                 Conj/Air       64%        1d7       3%          1
b - Static Discharge      Conj/Air       16%        N/A       5%          2
c - Swiftness             Air            22%        N/A       4%          3
d - Airstrike             Air            11%        N/A       16%         4

Your spell library contained the following spells:

 Spells                   Type           Power      Damage    Failure   Level
 Ensorcelled Hibernation  Hex/Ice        4%         N/A       26%         2
 Spider Form              Tmut/Pois      2%         N/A       45%         3
 Anguish                  Hex/Necr       1%         N/A       86%         4


Dungeon Overview and Level Annotations

Branches:
Dungeon (3/15)

Altars:


Innate Abilities, Weirdness & Mutations

You have a beak for a mouth.
You have claws for feet.
Your magical nature lets you fly swiftly and evasively.


Message History

No target in view!
The endoplasm quivers.
An endoplasm is nearby!
You barely miss the endoplasm. The endoplasm freezes you.
You are frozen.
An endoplasm is nearby!
You hit the endoplasm but do no damage. You claw the endoplasm.
The endoplasm is moderately wounded.
The endoplasm closely misses you.
Okay, then.
Casting: Static Discharge (safe; 5% risk of failure)
Confirm with . or Enter, or press ? or * to list all spells.
The endoplasm is struck by an arc of lightning!
You kill the endoplasm!
The lightning grounds out.
You hear an angry hiss.
A frilled lizard comes into view.
Unknown command.
Casting: Static Discharge (safe; 5% risk of failure)
Confirm with . or Enter, or press ? or * to list all spells.
The frilled lizard is struck by an arc of lightning.
You kill the frilled lizard!
You are struck by an arc of lightning.
The lightning grounds out.
Key pressed, stopping explore.
An ogre comes into view. It is wielding a +0 giant club.
An ogre is nearby!
You catch the helpless ogre completely off-guard!
You hit the ogre. You claw the ogre, but do no damage.
The ogre is lightly wounded.
The ogre hits you with a +0 giant club!
You are too injured to fight recklessly!
Casting: Static Discharge (safe; 5% risk of failure)
Confirm with . or Enter, or press ? or * to list all spells.
The ogre is struck by an arc of lightning.
The ogre is moderately wounded.
You are struck by an arc of lightning.
The lightning grounds out.
The ogre hits you with a +0 giant club!!
Ouch! That really hurt!
You die...

###############
#.............##
#.######........
#.# #.######.
##.## ##O#
####...####@#.#
#....#....†###..
######......####..
###
................
######......####
####......#.#
.........##.# ...
. .......#.##.#
#.. .#
..##.###.##.#
#..###.


You could see an ogre.

Vanquished Creatures
  A jelly (D:2)
  A bullfrog skeleton (D:2)
  Natasha (thrice) (D:2)
  Terence (D:2)
  2 adders
  A worm (D:3)
  5 dart slugs
  An orc (D:3)
  4 endoplasms
  2 giant cockroaches
  7 goblins
  6 hobgoblins
  5 kobolds
  3 quokkas
  12 ball pythons
  7 bats
  4 frilled lizards
  2 rats
67 creatures vanquished.

Vanquished Creatures (others)
  3 plants (D:1)
3 creatures vanquished.

Grand Total: 70 creatures vanquished

Notes
Turn   | Place    | Note
-------+----------+-------------------------------------------
     0 | D:1      | Zeld the Tengu Air Elementalist began the quest for the
                  | Orb.
     0 | D:1      | Reached XP level 1. HP: 10/10 MP: 4/4
    79 | D:1      | Reached XP level 2. HP: 12/16 MP: 3/6
   262 | D:1      | Learned a level 2 spell: Static Discharge
   382 | D:1      | Found a faded altar of an unknown god.
  1064 | D:1      | Reached XP level 3. HP: 17/20 MP: 7/7
  1068 | D:1      | Reached skill level 1 in Fighting
  1072 | D:1      | Learned a level 3 spell: Swiftness
  1939 | D:2      | Reached XP level 4. HP: 18/25 MP: 1/9
  2528 | D:2      | Reached skill level 5 in Air Magic
  2670 | D:2      | Noticed Natasha
  2678 | D:2      | Killed Natasha
  2679 | D:2      | Gained mutation: Your magical nature lets you fly swiftly
                  | and evasively. [Tengu growth]
  2679 | D:2      | Reached XP level 5. HP: 3/30 MP: 2/10
  2940 | D:2      | Learned a level 4 spell: Airstrike
  2987 | D:2      | Noticed Terence
  2987 | D:2      | Noticed Natasha
  3034 | D:2      | Killed Natasha
  3824 | D:2      | Noticed Natasha
  3850 | D:2      | Killed Natasha
  4104 | D:2      | Killed Terence
  4615 | D:3      | Reached XP level 6. HP: 34/36 MP: 7/12
  5442 | D:3      | Mangled by an ogre

Illustrated notes

Levels and vault maps discovered:
D:1:      minmay_arrival_solitary_statue, layout_loops_corners,
          chequers_ecumenical_altar_simple_redux, serial_bayou_pond_b
D:2:      layout_basic, amcnicky_mini_rare_corridor_liquid,
          chequers_decorated_corner, uniq_natasha, uniq_terence
D:3:      layout_loops_ring

Skill      XL: |  1  2  3  4  5  6 |
---------------+-------------------+-----
Conjurations   | 2 |  2.0
Fighting       | 1 2 |  2.7
Air Magic      | 5 |  5.7
Spellcasting   | 3 |  3.5
Stealth        | 3 |  3.0
Dodging        | |  2.1

Action                   |  1- 3 |  4- 6 || total
-------------------------+-------+-------++-------
Melee: Unarmed           |    35 |    33 ||    68
       Kick              |     8 |    11 ||    19
       Peck              |     5 |     7 ||    12
       Punch             |       |     1 ||     1
 Cast: Shock             |    17 |     2 ||    19
       Static Discharge  |    17 |    51 ||    68
 Stab: Sleeping          |       |     3 ||     3
       Distracted        |       |     1 ||     1
Armor: Robe              |     7 |     7 ||    14
Dodge: Dodged            |    43 |    53 ||    96
